 Dungeon Crawl Stone Soup version 0.27-a0-216-g1fbed8a51c (webtiles) character file.

Game seed: 5733227963301421501

26 knot the Chopper (level 2, -4/36 HPs)
             Began as a Demonspawn Berserker on Feb 1, 2021.
             Was a Follower of Trog.
             Slain by a gnoll
             ... wielding a +2 spear of venom
              (8 damage)
             ... on level 2 of the Dungeon.
             The game lasted 00:01:07 (1219 turns).

knot the Chopper (Demonspawn Berserker)             Turns: 1219, Time: 00:01:07

Health: -4/36      AC:  2    Str: 17    XL:     2   Next: 89%
Magic:  2/2        EV: 12    Int:  8    God:    Trog [*.....]
Gold:   57         SH:  5    Dex: 12    Spells: 1/1 levels left

rFire    . . .     SeeInvis .   a - +0 hand axe
rCold    . . .     Faith    .   (no shield)
rNeg     . . .     Spirit   .   b - +0 animal skin
rPois    .         Reflect  +   (no helmet)
rElec    .         Harm     .   (no cloak)
rCorr    .         Rampage  .   (no gloves)
Will     .....                  (no boots)
Stlth    ..........             d - amulet of reflection
HPRegen  0.12/turn              (no ring)
MPRegen  0.08/turn              (no ring)

@: berserking, lethally poisoned (-4 -> -15), very quick
A: powered by death 1
a: Renounce Religion, Berserk


You were on level 2 of the Dungeon.
You worshipped Trog.
Trog was aware of your devotion.
You visited 1 branch of the dungeon, and saw 2 of its levels.

You collected 57 gold pieces.

Inventory:

Hand Weapons
 a - a +0 hand axe (weapon)
Missiles
 e - 39 stones
 i - 13 sling bullets
Armour
 b - a +0 animal skin (worn)
Jewellery
 d - an amulet of reflection (around neck)
Scrolls
 c - a scroll of remove curse {unknown}
 f - 2 scrolls of enchant armour {unknown}
 g - 2 scrolls of blinking {unknown}
 h - a scroll of identify {unknown}


   Skills:
 - Level 3.0 Fighting
 + Level 3.8 Axes
 - Level 1.7 Armour
 - Level 1.7 Dodging


You had one spell level left.
You didn't know any spells.
Your spell library was empty.

Dungeon Overview and Level Annotations

Branches:
Dungeon (2/15)

Altars:


Innate Abilities, Weirdness & Mutations

You regenerate a little health from kills.


Message History

The gnoll hits you from afar with a +0 spear.
You shred the net and break free!
The gnoll hits you from afar with a +0 spear.
Found a stone staircase leading down.
The gnoll hits you from afar with a +2 spear of venom!
* * * LOW HITPOINT WARNING * * *
You are lethally poisoned!
* * * LOW HITPOINT WARNING * * *
You feel sick.
* * * LOW HITPOINT WARNING * * *
You feel sick.
A red film seems to cover your vision as you go berserk!
You feel yourself moving faster!
You feel mighty!
* * * LOW HITPOINT WARNING * * *
You feel sick.
You feel a strong urge to attack something.
* * * LOW HITPOINT WARNING * * *
You feel sick.
The gnoll hits you with a +2 spear of venom!
You die...

##### ...# # .g ...+ #
#.# ..# #### #.. ...
..... #.. #.# # #####
#.. #.#.+ #######.>##
#.#.# ..........#
#@#.##+# #########.##
#g.....#. ...........#
#g....... ###....#.#.##
##g.######
###....#.#..###.........
..'....+...............>
###....#.##..##.#.....#.
######......#.....#.#
#####.?#.....+.#


You could see 3 gnolls.

Vanquished Creatures
  2 dart slugs
  4 hobgoblins
  4 jackals (D:1)
  5 bats (D:1)
  2 frilled lizards (D:1)
  2 goblins (D:1)
  2 kobolds (D:1)
  A rat (D:2)
22 creatures vanquished.

Notes
Turn   | Place    | Note
-------+----------+-------------------------------------------
     0 | D:1      | knot the Demonspawn Berserker began the quest for the Orb.
     0 | D:1      | Reached XP level 1. HP: 18/18 MP: 1/1
   467 | D:1      | Gained mutation: You regenerate a little health from kills.
                  | [demonic ancestry]
   467 | D:1      | Reached XP level 2. HP: 24/24 MP: 2/2
  1219 | D:2      | Slain by a gnoll

Illustrated notes

Levels and vault maps discovered:
D:1:      minmay_arrival_pointy, layout_basic
D:2:      layout_basic, serial_corexii_hall, chequers_hall_statues_y,
          chequers_hall_statues_wall_a

Skill      XL: |  1 |
---------------+----+-----
Axes           | 3 |  3.8
Fighting       | |  3.0
Armour         | |  1.7
Dodging        | |  1.7

Action                   || total
-------------------------++-------
Melee: Hand axe          ||    90
Invok: Berserk           ||     3
  Use: Potion            ||     1
 Stab: Sleeping          ||     1
Armor: Animal skin       ||    16
Dodge: Dodged            ||    54
Block: Other             ||    25
       Reflection        ||     1

Table legend: (Time is in decaauts)
 A = Elapsed time spent in this place.
 B = Non-inter-level travel time spent in this place.
 C = Inter-level travel time spent in this place.
 D = Time resting spent in this place.
 E = Time spent auto-exploring this place.
 F = Levels seen in this place.
 G = Mean time per level.
                   A        B        C        D        E       F      G
               +--------+--------+--------+--------+--------+-----+--------+
         Total |   1248 |   1240 |      8 |    224 |    817 |   2 |  624.0 |
       Dungeon |   1248 |   1240 |      8 |    224 |    817 |   2 |  624.0 |
               +--------+--------+--------+--------+--------+-----+--------+

Top non-repeatable levels by time:
     D:1: 1182 daAuts
     D:2: 65 daAuts
